AoeStats
← user9747

Pilgrims

509571920Analyzed
4v4 RM · 5d ago on Sep 27, 2026· 25m 51s· 8 players
Game mode
Random Map
Map size
Large (8 player)
Population
200
Speed
Normal
Resources
Standard
Victory
Conquest
Starting age
Dark Age
Ending age
Imperial Age
RankedLock teamsTeams togetherTeam positionsShared explorationLock speedFull tech treeHidden civsTurbo modeCheats
Victory
Defeat
🇩🇪 Japanese · Germany
896
+14
🇩🇪 Persians · Germany
878
+15
🇨🇳 Malay · China
858
+16
🇨🇳 Varangians · China
850
+16
🇮🇳 Italians · India
903
-18
🇮🇳 Hindustanis · India
883
-16
🇮🇳 Varangians · India
839
-15
🇮🇳 Ethiopians · India
783
-12
Ryuuji Kenshi
4:43 Loom
11:03 Feudal Age
15:23 Castle Age
14:00 Fletching
16:36 Medium Warships
19:23 Bodkin Arrow
CookieHunter
3:20 Loom
12:41 Feudal Age
16:25 Castle Age
17:39 Scale Barding Armor
18:08 Double-Bit Axe
20:20 Chain Barding Armor
20:33 Bloodlines
Anomaly
6:36 Loom
20:14 Feudal Age
24:59 Castle Age
user9747
14:01 Feudal Age
16:37 Wheelbarrow
15:48 Loom
20:19 Castle Age
20:44 Horse Collar
24:08 Husbandry
24:19 Bloodlines
Neo
4:31 Loom
12:45 Feudal Age
13:11 Fishing Lines
13:23 Double-Bit Axe
14:57 Gold Mining
14:59 Stone Mining
20:18 Castle Age
18:04 Horse Collar
18:47 Bloodlines
20:30 Wheelbarrow
22:11 Stone Shaft Mining
22:11 Gold Shaft Mining
22:17 Gold Shaft Mining
22:15 Husbandry
23:13 Hand Cart
24:25 Forging
24:16 Scale Mail Armor
24:21 Scale Barding Armor
Hank
13:20 Feudal Age
11:37 Loom
13:46 Fishing Lines
13:59 Double-Bit Axe
18:09 Castle Age
16:55 Gold Mining
16:56 Stone Mining
16:49 Horse Collar
17:18 Town Watch
20:55 Wheelbarrow
20:44 Bow Saw
22:08 Gillnets
23:11 Pikeman
23:36 Gambesons
23:52 Squires
24:24 Demolition Ship
25:15 Medium Warships
原厂野生狗奶
9:08 Loom
11:26 Feudal Age
15:41 Castle Age
13:39 Double-Bit Axe
14:51 Gold Mining
17:11 Medium Warships
17:50 Fletching
18:21 Medium Warships
19:36 Wheelbarrow
19:34 Bodkin Arrow
22:20 Town Watch
23:57 Ballistics
26:36 Clinker Construction
00110110
7:30 Loom
15:27 Feudal Age
15:21 Fishing Lines
16:42 Wheelbarrow
17:48 Double-Bit Axe
21:24 Castle Age
22:20 Stone Mining
23:19 Squires
25:24 Stone Shaft Mining
26:08 Gillnets
Connection lost

Rejoining the realm…

Still unreachable

The connection could not be restored.

Session expired

The server has moved on; the page needs a fresh start.